 Dungeon Crawl Stone Soup version 0.18.1-48-g4cf74bf (webtiles) character file.

162694 sarahorange the Spry (level 17, -16/85 HPs)
             Began as a Spriggan Assassin on June 29, 2016.
             Was a High Priest of Vehumet.
             Demolished by a titanic slime creature (101 damage)
             ... on level 1 of the Depths on July 10, 2016.
             The game lasted 14:00:26 (61501 turns).

sarahorange the Spry (Spriggan Assassin)           Turns: 61501, Time: 14:00:27

Health: -16/85     AC:  7    Str: 14    XL:     17   Next: 22%
Magic:  34/34      EV: 41    Int: 15    God:    Vehumet [*****.]
Gold:   916        SH:  0    Dex: 33    Spells: 13 memorised, 2 levels left

rFire  . . .     SeeInvis +     A - +5 long sword of the Countless Ghosts {flame, rN++ Str+2 Dex-3}
rCold  . . .     Gourm    .     S - +0 robe of Absolutism {rN+ Int+2 Dex+7}
rNeg   + + +     Faith    .     (shield currently unavailable)
rPois  .         Spirit   .     m - +2 hat
rElec  +         Dismiss  .     f - +2 cloak
rCorr  .         Reflect  .     (gloves unavailable)
SustAt .         Harm     .     (boots unavailable)
MR     ++...                    o - amulet of regeneration
Stlth  +++++++++.               P - ring of wizardry
                                K - ring of Rihae {rElec Str+2 Dex+8 Slay-2 Stlth+}

@: very quick, very resistant to hostile enchantments, incredibly stealthy
A: unfitting armour, see invisible, herbivore 3, speed 3, slow metabolism 2
a: Renounce Religion


You were on level 1 of the Depths.
You worshipped Vehumet.
Vehumet was extremely pleased with you.
You were not hungry.

You visited 7 branches of the dungeon, and saw 29 of its levels.
You also visited: Labyrinth, Sewer and Volcano.

You collected 3704 gold pieces.
You spent 2788 gold pieces at shops.

Inventory:

Hand Weapons
 b - a +0 blowgun
 y - a +2 rapier of protection
 A - the +5 long sword of the Countless Ghosts (weapon) {flame, rN++ Str+2 Dex-3}
   (You found it on level 13 of the Dungeon)

   It has been specially enchanted to burn those struck by it, causing extra
   injury to most foes and up to half again as much damage against particularly
   susceptible opponents.
   Big, fiery blades are also staple armaments of hydra-hunters.
   It affects your strength (+2).
   It affects your dexterity (-3).
   It greatly protects you from negative energy.
Missiles
 w - a curare-tipped needle (quivered)
 N - 31 poisoned needles
Armour
 f - a +2 cloak (worn)
 m - a +2 hat (worn)
 q - the +0 buckler of Leapfrog {rN+ Str+4 Dex+5}
   (You acquired it on level 14 of the Dungeon)

   It affects your strength (+4).
   It affects your dexterity (+5).
   It protects you from negative energy.
 E - a +2 robe of the Archmagi
 S - the +0 robe of Absolutism (worn) {rN+ Int+2 Dex+7}
   (You found it on level 3 of the Lair of Beasts)

   It affects your intelligence (+2).
   It affects your dexterity (+7).
   It protects you from negative energy.
Rods
 t - a +5 iron rod (10/10)
   (You bought it in a shop on level 14 of the Dungeon)
Jewellery
 o - an amulet of regeneration (around neck)
 F - an uncursed ring of protection from fire
 K - the ring of Rihae (left hand) {rElec Str+2 Dex+8 Slay-2 Stlth+}
   (You bought it in a shop on level 2 of the Orcish Mines)

   [ring of stealth]

   It affects your strength (+2).
   It affects your dexterity (+8).
   It affects your accuracy and damage with ranged weapons and melee attacks
   (-2).
   It insulates you from electricity.
   It makes you more stealthy.
 P - a ring of wizardry (right hand)
Wands
 h - a wand of iceblast (2/15)
 u - a wand of flame (24/48)
 L - a wand of polymorph (17/24)
 R - a wand of lightning (0/15)
 U - a wand of disintegration (4/24)
Scrolls
 p - 4 scrolls of magic mapping
 r - 3 scrolls of identify
 B - 4 scrolls of remove curse
 D - 6 scrolls of teleportation
 W - 2 scrolls of blinking
 Y - 2 scrolls of enchant armour
Potions
 d - 3 potions of brilliance
 i - a potion of agility
 j - a potion of invisibility
 l - 3 potions of might
 v - 5 potions of curing
 x - 2 potions of magic
 C - 3 potions of haste
 G - a potion of cure mutation
Books
 a - a book of Annihilations

   Spells                             Type                      Level
   a - Poison Arrow                   Conjuration/Poison           6
   b - Chain Lightning                Conjuration/Air              8
   c - Lehudib's Crystal Spear        Conjuration/Earth            8
   d - Glaciate                       Conjuration/Ice              9
   e - Fire Storm                     Conjuration/Fire             9
 c - a book of Unlife

   Spells                             Type                      Level
   a - Recall                         Summoning/Translocation      3
   b - Animate Dead                   Necromancy                   4
   c - Control Undead                 Necromancy                   4
   d - Cigotuvi's Embrace             Necromancy                   5
   e - Death Channel                  Necromancy                   6
   f - Simulacrum                     Ice/Necromancy               6
 e - a book of Power

   Spells                             Type                      Level
   a - Fulminant Prism                Conjuration/Hexes            4
   b - Iskenderun's Mystic Blast      Conjuration                  4
   c - Venom Bolt                     Conjuration/Poison           5
   d - Bolt of Magma                  Conjuration/Fire/Earth       5
   e - Iron Shot                      Conjuration/Earth            6
   f - Orb of Destruction             Conjuration                  7
   g - Spellforged Servitor           Conjuration/Summoning        7
 g - a book of Enchantments

   Spells                             Type                      Level
   a - Cause Fear                     Hexes                        4
   b - Yara's Violent Unravelling     Hexes/Transmutation          5
   c - Silence                        Hexes/Air                    5
   d - Deflect Missiles               Charms/Air                   6
   e - Haste                          Charms                       6
   f - Discord                        Hexes                        8
 k - a book of Necromancy

   Spells                             Type                      Level
   a - Pain                           Necromancy                   1
   b - Animate Skeleton               Necromancy                   1
   c - Vampiric Draining              Necromancy                   3
   d - Regeneration                   Charms/Necromancy            3
   e - Animate Dead                   Necromancy                   4
   f - Control Undead                 Necromancy                   4
 n - a book of Misfortune

   Spells                             Type                      Level
   a - Confusing Touch                Hexes                        2
   b - Confuse                        Hexes                        3
   c - Gell's Gravitas                Hexes/Translocation          3
   d - Petrify                        Transmutation/Earth          4
   e - Metabolic Englaciation         Hexes/Ice                    5
   f - Yara's Violent Unravelling     Hexes/Transmutation          5
 H - the Incunabulum of Execration
   (You found it in a labyrinth)

   Spells                             Type                      Level
   a - Gell's Gravitas                Hexes/Translocation          3
   b - Summon Guardian Golem          Hexes/Summoning              3
   c - Discord                        Hexes                        8
 I - a Young Poisoner's Handbook

   Spells                             Type                      Level
   a - Sting                          Conjuration/Poison           1
   b - Cure Poison                    Poison                       2
   c - Mephitic Cloud                 Conjuration/Poison/Air       3
   d - Olgreb's Toxic Radiance        Poison                       4
   e - Venom Bolt                     Conjuration/Poison           5
 J - a book of Death

   Spells                             Type                      Level
   a - Corpse Rot                     Necromancy                   2
   b - Sublimation of Blood           Necromancy                   2
   c - Agony                          Necromancy                   5
   d - Dispel Undead                  Necromancy                   5
   e - Excruciating Wounds            Charms/Necromancy            5
   f - Bolt of Draining               Conjuration/Necromancy       5
 M - a book of Geomancy

   Spells                             Type                      Level
   a - Sandblast                      Earth                        1
   b - Passwall                       Transmutation/Earth          2
   c - Stone Arrow                    Conjuration/Earth            3
   d - Petrify                        Transmutation/Earth          4
   e - Lee's Rapid Deconstruction     Earth                        5
 O - the Reference Book on the Voyage
   (You found it in a labyrinth)

   Spells                             Type                      Level
   a - Blink                          Translocation                2
   b - Portal Projectile              Translocation                3
   c - Teleport Other                 Translocation                3
   d - Warp Weapon                    Charms/Translocation         5
Miscellaneous
 s - a sack of spiders {used: 1}
 z - a phantom mirror
 T - a stone of tremors
 V - a crystal ball of energy
 X - a plain deck of defence {drawn: 4}
 Z - a plain deck of war
Comestibles
 Q - 2 bread rations


   Skills:
 + Level 8.0 Fighting
 + Level 10.9 Short Blades
   Level 5.0 Bows
 - Level 11.2 Throwing
 + Level 18.3 Dodging
 * Level 17.4 Stealth
 - Level 2.1 Shields
 * Level 12.0 Spellcasting
 + Level 3.7 Conjurations
 + Level 7.0 Hexes
 + Level 6.0 Necromancy
 + Level 7.0 Translocations
 + Level 0.1 Fire Magic
 - Level 0.5 Air Magic
   Level 0.8 Earth Magic
 + Level 9.4 Poison Magic
 - Level 2.4 Evocations


You had 2 spell levels left.
You knew the following spells:

 Your Spells              Type           Power        Failure   Level  Hunger
a - Pain                  Necr           ####         1%          1    None
b - Sting                 Conj/Pois      ####         1%          1    None
c - Venom Bolt            Conj/Pois      ####......   2%          5    #####..
d - Cure Poison           Pois           #####.....   1%          2    None
e - Iskenderun's Mystic   Conj           ###.....     2%          4    ###....
f - Mephitic Cloud        Conj/Pois/Air  ###.....     1%          3    None
g - Freeze                Ice            #...         1%          1    None
h - Vampiric Draining     Necr           ####......   1%          3    None
i - Inner Flame           Hex/Fire       ###.....     1%          3    None
j - Blink                 Tloc           N/A          1%          2    None
k - Teleport Other        Tloc           ####....     1%          3    None
l - Bolt of Draining      Conj/Necr      ###.......   4%          5    #####..
m - Dispel Undead         Necr           ####....     9%          5    #####..


Dungeon Overview and Level Annotations

Branches:
Dungeon (15/15)            Temple (1/1) D:5            Lair (8/8) D:9
  Swamp (0/4) Lair:6        Snake (1/4) Lair:6        Slime (0/6) Lair:6
    Orc (2/2) D:12            Elf (1/3) Orc:2        Vaults (0/5) D:13
 Depths (1/5) D:15

Altars:
Ashenzari
Cheibriados
Dithmenos
Elyvilon
Fedhas
Gozag
Kikubaaqudgha
Makhleb
Nemelex Xobeh
Okawaru
Pakellas
Qazlal
Ru
Sif Muna
Trog
Vehumet
Xom
Yredelemnul
Zin
The Shining One
Jiyva

Shops:
D:6 (   D:10 !   D:14 }   Orc:2 [*(=   Depths:1 =([

Portals:
Hell: Depths:1
Abyss: Depths:1
Pandemonium: Depths:1

Annotations:
D:4 Edmund
D:12 simples's ghost, journeyman HOFi
Orc:2 exclusion: ice statue


Innate Abilities, Weirdness & Mutations

You are tiny and cannot use many weapons and most armour.
You have supernaturally acute eyesight.
You are a herbivore.
You cover ground extremely quickly.
You need consume almost no food.


Message History

You slash the titanic slime creature! You burn the titanic slime creature.
The titanic slime creature is moderately wounded.
The titanic slime creature completely misses you.
You hit the titanic slime creature. You burn the titanic slime creature.
The titanic slime creature is moderately wounded.
The titanic slime creature completely misses you. x2
You slash the titanic slime creature! You burn the titanic slime creature.
The titanic slime creature is heavily wounded.
The titanic slime creature misses you.
You barely miss the titanic slime creature.
The titanic slime creature is heavily wounded.
The titanic slime creature misses you.
You hit the titanic slime creature. You burn the titanic slime creature.
The titanic slime creature is heavily wounded.
The titanic slime creature barely misses you.
You slash the titanic slime creature! You burn the titanic slime creature.
The titanic slime creature is heavily wounded.
The titanic slime creature hits you!!!!
Ouch! That really hurt!
You die...

..# #.,*#..# #...,,,,*******
..# #.,*#..# #..#**,,,,,,,,*
..# #..*#..# #..# *,,,,,,,,*
..###..##..###..##*,,*******
.................#*..#
.#######.#######.#*..#
.#######.#######.#*..#
.##...........##.#*JJ#
.##.####.####.##@#*..##
.#*,*###.###*,*#J##...*
.##,##.....#*,##.?#.#§#
.##.##.###.##.##...§§\#
.......# #......$##.###
.##.##.###.##.##..,..#
.##,##.....##,##..####
.#*,*###.###*,*#..#
.##.####.####.##..#


You could see a titanic slime creature.

Vanquished Creatures
  Rupert (Lair:4)
  Gastronok (D:8)
  Kirke (D:12)
  Donald (Lair:6)
  An orc warlord (Orc:1)
  3 stone giants (Depths:1)
  A minotaur (Lab)
  A fire dragon (Depths:1)
  An entropy weaver (Depths:1)
  A great orb of eyes (Depths:1)
  6 hydras
  A monstrous demonspawn (Depths:1)
  A juggernaut simulacrum (Depths:1)
  2 catoblepae
  5 centaur warriors
  5 ogre magi
  A deep troll shaman (Depths:1)
  4 death yaks
  An iron giant zombie (D:15)
  A storm dragon zombie (D:15)
  Sonja (Lair:1)
  2 deep trolls (Depths:1)
  3 skeletal warriors
  A flayed ghost (D:15)
  An unseen horror (D:15)
  2 giant orange brains (Depths:1)
  A golden dragon zombie (Depths:1)
  A wizard (Depths:1)
  A statue (Volcano)
  4 hill giants
  A gelid demonspawn (Depths:1)
  A lindwurm (Lair:7)
  3 necromancers
  Pikel (D:12)
  2 orc knights
  2 orb spiders (shapeshifter) (D:13)
  A mana viper (Lair:7)
  3 griffons
  2 wolf spiders
  25 ugly things
  A manticore (D:10)
  A salamander (Lair:6)
  4 cyclopes
  An orc sorcerer (Orc:2)
  Maurice (Orc:1)
  13 elephants
  A black mamba (shapeshifter) (D:15)
  A naga mage (Lair:6)
  Psyche (D:10)
  A water nymph (shapeshifter) (Depths:1)
  9 torpor snails
  19 spiny frogs
  9 black mambas
  A guardian serpent (Lair:8)
  An orange demon (Depths:1)
  A hellion (Depths:1)
  4 rime drakes
  10 komodo dragons
  6 yaktaurs (Depths:1)
  An efreet (D:14)
  A spriggan skeleton (Depths:1)
  9 trolls
  A troll (shapeshifter) (D:15)
  An entropy weaver zombie (D:15)
  A polar bear (Lair:7)
  17 two-headed ogres
  5 giant leeches (Lair:8)
  Prince Ribbit (D:8)
  6 slime creatures
  17 blink frogs
  6 redbacks
  A wraith (D:11)
  2 shadows
  A deep troll skeleton (D:15)
  15 wyverns
  42 yaks
  4 hogs
  A human (D:10)
  6 basilisks
  14 hippogriffs
  4 hungry ghosts
  A chaos spawn (Depths:1)
  The ghost of daning the Charmwright, an amateur HESk (Sewer)
  5 vampire mosquitoes (D:13)
  A soldier ant (D:14)
  4 wargs
  4 nagas (Lair:6)
  14 porcupines
  25 water moccasins
  A black bear (D:6)
  A swamp drake (Lair:6)
  28 orc warriors
  5 ice beasts
  5 wasps
  An eye of draining (shapeshifter) (D:15)
  3 phantoms
  3 sky beasts
  23 centaurs
  29 ogres
  A crocodile (shapeshifter) (Depths:1)
  22 crocodiles
  3 big kobolds
  27 giant frogs
  A gnoll sergeant (D:12)
  5 scorpions
  12 killer bees
  11 wights
  7 howler monkeys
  2 centaur zombies
  An electric eel (Lair:5)
  8 crimson imps
  5 lava snakes (Volcano)
  2 quasits
  3 giant frog zombies
  Crazy Yiuf (D:3)
  5 hounds
  17 orc priests
  5 centaur skeletons
  5 jellies
  30 orc wizards
  6 iguanas
  3 gnoll shamans
  Ijyb (D:3)
  14 worker ants
  A polar bear simulacrum (Lair:7)
  A tengu simulacrum (Depths:1)
  5 yak simulacra (Lair:7)
  38 sheep
  A wolf simulacrum (Lair:7)
  A hound zombie (D:6)
  A howler monkey zombie (D:5)
  4 worker ant zombies
  15 gnolls
  22 adders
  69 river rats
  6 shadow imps
  8 oozes (Sewer)
  24 worms
  4 adder skeletons
  2 dart slugs
  16 giant geckos
  74 orcs
  11 ball pythons
  19 giant cockroaches
  7 goblins
  9 hobgoblins
  7 jackals
  18 kobolds
  11 quokkas
  11 bats
  A giant cockroach zombie (D:5)
  2 giant gecko skeletons (D:5)
  17 giant newts
  A quokka skeleton (D:9)
  7 rats
  4 river rat simulacra (Lair:7)
  2 plants
1108 creatures vanquished.

Vanquished Creatures (collateral kills)
  A black bear (D:7)
  2 ogres (Orc:2)
  A giant cockroach (D:7)
4 creatures vanquished.

Vanquished Creatures (others)
  Nikola (Depths:1)
  A quasit (D:10)
  An orc (D:9)
  31 fungi
  32 plants
  8 withered plants (D:15)
74 creatures vanquished.

Grand Total: 1186 creatures vanquished

Notes
Turn   | Place    | Note
--------------------------------------------------------------
     0 | D:1      | sarahorange the Spriggan Assassin began the quest for the Orb.
     0 | D:1      | Reached XP level 1. HP: 10/10 MP: 2/2
   247 | D:1      | Reached XP level 2. HP: 14/14 MP: 3/3
   681 | D:1      | Reached XP level 3. HP: 18/18 MP: 4/4
  1104 | D:2      | Reached skill level 2 in Dodging
  2029 | D:3      | Reached XP level 4. HP: 23/23 MP: 5/5
  2152 | D:3      | Noticed Ijyb
  2178 | D:3      | Killed Ijyb
  2718 | D:3      | Noticed Crazy Yiuf
  2734 | D:3      | Killed Crazy Yiuf
  2734 | D:3      | Reached skill level 3 in Dodging
  2734 | D:3      | Reached XP level 5. HP: 26/26 MP: 6/6
  3345 | D:4      | Noticed a phantom
  3352 | D:4      | Killed a phantom
  3352 | D:4      | Reached skill level 4 in Dodging
  3352 | D:4      | Reached XP level 6. HP: 30/30 MP: 7/7
  4043 | D:5      | Entered Level 5 of the Dungeon
  4058 | D:5      | Found a bloodstained altar of Trog.
  4140 | D:4      | Reached skill level 5 in Dodging
  4140 | D:4      | Reached XP level 7. HP: 24/35 MP: 8/8
  4241 | D:5      | Noticed Edmund
  4352 | D:5      | Found a staircase to the Ecumenical Temple.
  4371 | D:5      | Found a glowing drain.
  4418 | Sewer    | Entered a sewer
  4599 | Sewer    | Reached skill level 6 in Dodging
  4607 | Sewer    | Noticed daning's ghost (amateur HESk)
  4752 | Sewer    | Killed daning's ghost
  4931 | Sewer    | Reached skill level 5 in Throwing
  5008 | Sewer    | Reached skill level 7 in Dodging
  5279 | D:5      | Reached XP level 8. HP: 22/39 MP: 9/9
  5940 | D:5      | Reached skill level 8 in Dodging
  6075 | D:5      | Learned a level 1 spell: Pain
  6730 | Temple   | Entered the Ecumenical Temple
  6971 | D:6      | Found Woxyc's Antique Weapon Shop.
  6988 | D:6      | Bought a runed rapier for 104 gold pieces
  7151 | D:6      | Reached skill level 9 in Dodging
  7277 | D:6      | Reached skill level 1 in Evocations
  7422 | D:6      | Reached XP level 9. HP: 30/44 MP: 10/10
  7777 | D:6      | Found a deep blue altar of Sif Muna.
  7779 | D:6      | Found a glowing golden altar of the Shining One.
  7800 | D:6      | Found an iron altar of Okawaru.
  7802 | D:6      | Found an opulent altar of Gozag.
  7827 | D:6      | Found a sacrificial altar of Ru.
  8045 | D:7      | Reached skill level 10 in Stealth
  8153 | D:7      | Learned a level 1 spell: Sting
  8617 | D:7      | Learned a level 1 spell: Animate Skeleton
  9092 | D:6      | Reached skill level 1 in Spellcasting
  9203 | D:7      | Reached skill level 1 in Poison Magic
  9376 | D:7      | Reached skill level 10 in Dodging
  9598 | Temple   | Became a worshipper of Vehumet
 10426 | D:7      | Reached skill level 5 in Short Blades
 10599 | D:7      | You fall through a shaft for 2 floors!
 10882 | D:9      | Found an oddly glowing altar of Pakellas.
 10884 | D:9      | Noticed a troll
 11138 | D:9      | Reached XP level 10. HP: 49/49 MP: 15/15
 11153 | D:9      | Reached skill level 11 in Dodging
 11169 | D:9      | Found a staircase to the Lair.
 11413 | D:9      | You fall through a shaft for 2 floors!
 11457 | D:10     | Entered Level 10 of the Dungeon
 11470 | D:10     | Learned a level 2 spell: Cure Poison
 11605 | D:9      | Reached skill level 1 in Conjurations
 11823 | D:8      | Reached * piety under Vehumet
 11823 | D:8      | Offered knowledge of Sandblast by Vehumet.
 11826 | D:8      | Learned a level 1 spell: Sandblast
 11826 | D:8      | Found a blossoming altar of Fedhas.
 11844 | D:8      | Found a white marble altar of Elyvilon.
 11877 | D:8      | Noticed Prince Ribbit
 11920 | D:8      | Killed Prince Ribbit
 11956 | D:8      | Found a shadowy altar of Dithmenos.
 12131 | D:8      | Noticed Gastronok
 12164 | D:8      | Got a thick robe
 12175 | D:8      | Identified the +1 robe of the Dropbear {rElec Regen+ Slay-6} (You found it on level 8 of the Dungeon)
 13146 | D:10     | Learned a level 3 spell: Mephitic Cloud
 13235 | D:10     | Noticed Psyche
 13265 | D:10     | Killed Psyche
 13265 | D:10     | Reached skill level 12 in Dodging
 13681 | D:10     | Offered knowledge of Freeze by Vehumet.
 13684 | D:10     | Learned a level 1 spell: Freeze
 13776 | D:10     | Reached ** piety under Vehumet
 13941 | D:10     | Found Puiwkel's Distillery.
 14252 | D:10     | Reached skill level 5 in Poison Magic
 14329 | D:10     | Noticed a manticore
 14442 | D:11     | Reached skill level 1 in Necromancy
 14504 | D:10     | Killed a manticore
 14645 | D:11     | Noticed a white ugly thing
 14913 | D:11     | Reached XP level 11. HP: 50/53 MP: 18/18
 15091 | D:10     | Killed a white ugly thing
 16098 | D:11     | Offered knowledge of Static Discharge by Vehumet.
 16485 | D:11     | Reached skill level 13 in Dodging
 16924 | D:12     | Learned a level 4 spell: Olgreb's Toxic Radiance
 17029 | D:12     | Noticed Pikel
 17054 | D:12     | Killed Pikel
 17226 | D:11     | Reached *** piety under Vehumet
 17808 | D:12     | Noticed Kirke
 18037 | D:12     | Noticed a harpy
 18037 | D:12     | Noticed a harpy
 18042 | D:12     | Found a staircase to the Orcish Mines.
 18487 | D:12     | Noticed simples's ghost (journeyman HOFi)
 19333 | D:11     | Reached skill level 5 in Fighting
 19374 | D:11     | Offered knowledge of Inner Flame by Vehumet.
 19389 | D:12     | Learned a level 3 spell: Inner Flame
 19756 | D:12     | Noticed a skeletal warrior
 19882 | D:12     | Reached skill level 10 in Throwing
 20036 | D:12     | Noticed a skeletal warrior
 20110 | D:12     | Noticed a skeletal warrior
 20110 | D:12     | Noticed a skeletal warrior
 20112 | D:12     | Noticed a skeletal warrior
 20298 | D:12     | Noticed a lindwurm
 20365 | D:12     | Killed Kirke
 20365 | D:12     | Reached skill level 14 in Dodging
 20365 | D:12     | Reached XP level 12. HP: 44/60 MP: 19/19
 20486 | Orc:1    | Entered Level 1 of the Orcish Mines
 21019 | Orc:2    | Entered Level 2 of the Orcish Mines
 21040 | Orc:2    | Noticed an orc warlord
 21100 | Orc:2    | Reached **** piety under Vehumet
 21118 | Orc:1    | Killed an orc warlord
 21403 | Orc:2    | Offered knowledge of Bolt of Magma by Vehumet.
 21430 | Orc:1    | Learned a level 5 spell: Bolt of Magma
 21847 | Orc:2    | Reached skill level 1 in Hexes
 22604 | Orc:2    | Reached ***** piety under Vehumet
 22950 | Orc:1    | Noticed Maurice
 23100 | Orc:1    | Killed Maurice
 23341 | Orc:2    | Noticed an ogre mage
 23364 | Orc:2    | Offered knowledge of Spellforged Servitor by Vehumet.
 23373 | Orc:2    | Killed an ogre mage
 23494 | Orc:2    | Noticed an ogre mage
 23495 | Orc:2    | Noticed an ogre mage
 23567 | Orc:2    | Killed an ogre mage
 23639 | Orc:2    | Killed an ogre mage
 23795 | Orc:2    | Reached skill level 15 in Dodging
 24216 | Orc:2    | Noticed an ogre mage
 24332 | Orc:2    | Killed an ogre mage
 24413 | Orc:2    | Found Ammeggev's Jewellery Shoppe.
 24413 | Orc:2    | Found Yrarphoad's Assorted Antiques.
 24415 | Orc:2    | Found Iqoyramuts's Antique Weapon Shop.
 24415 | Orc:2    | Found Oteaniox's Armour Emporium.
 24445 | Orc:2    | Bought the ring of Rihae {rElec Str+2 Dex+8 Slay-2 Stlth+} for 749 gold pieces
 24450 | Orc:2    | Bought a scroll of enchant armour for 217 gold pieces
 24671 | Orc:2    | Reached XP level 13. HP: 65/65 MP: 20/20
 24774 | Orc:2    | Found a staircase to the Elven Halls.
 25003 | Orc:2    | Bought a pitted mace for 224 gold pieces
 25006 | Orc:2    | Identified the +6 mace "Isunuet" {pain, *Rage *Corrode +Fly rC+++} (You bought it in a shop on level 2 of the Orcish Mines)
 25029 | Elf:1    | Entered Level 1 of the Elven Halls
 25470 | D:13     | Found a labyrinth entrance.
 25474 | Lab      | Entered a labyrinth
 25967 | Lab      | Noticed a minotaur
 26036 | Lab      | Killed a minotaur
 26059 | Lab      | Got an iridescent shortbow
 26060 | Lab      | Identified the cursed +0 shortbow "Baheystrucw" {freeze, MP+9 Dex+2} (You took it off a minotaur in a labyrinth)
 26068 | Lab      | Identified the Incunabulum of Execration
 26097 | Lab      | Identified the Reference Book on the Voyage
 26101 | Lab      | Learned a level 2 spell: Blink
 26178 | D:13     | Got an ivory long sword
 26179 | D:13     | Identified the +5 long sword of the Countless Ghosts {flame, rN++ Str+2 Dex-3} (You found it on level 13 of the Dungeon)
 26435 | D:13     | Reached skill level 5 in Hexes
 26524 | D:13     | Found a gate to the Vaults.
 27259 | D:12     | Reached skill level 1 in Translocations
 28097 | D:14     | Reached skill level 1 in Bows
 28247 | D:14     | Found Ebloy's Gadget Shop.
 28424 | D:14     | Gained mutation: You are clumsy. (Dex -2) [potion of mutation]
 28424 | D:14     | Gained mutation: You are partially covered in rugged brown scales (AC +1, +3% HP). [potion of mutation]
 28425 | D:14     | Lost mutation: You are clumsy. (Dex -2) [potion of cure mutation]
 28425 | D:14     | Lost mutation: You are partially covered in rugged brown scales (AC +1, +3% HP). [potion of cure mutation]
 28429 | D:14     | Identified a scroll of acquirement
 28432 | D:14     | Got an ancient buckler
 28439 | D:14     | Identified the +0 buckler of Leapfrog {rN+ Str+4 Dex+5} (You acquired it on level 14 of the Dungeon)
 28971 | D:15     | Entered Level 15 of the Dungeon
 30190 | D:15     | Found a staircase to the Depths.
 30872 | D:15     | Learned a level 3 spell: Vampiric Draining
 30876 | D:15     | Learned a level 3 spell: Teleport Other
 31934 | Lair:1   | Entered Level 1 of the Lair of Beasts
 32146 | Lair:1   | Noticed Sonja
 32173 | Lair:1   | Killed Sonja
 32173 | Lair:1   | Reached skill level 5 in Translocations
 32418 | Lair:1   | Offered knowledge of Fireball by Vehumet.
 32976 | Lair:1   | Got a crystal spear
 32977 | Lair:1   | Identified the +3 spear "Itiwk" {flame, +Rage rPois MP-9 SInv} (You found it on level 1 of the Lair of Beasts)
 33338 | Lair:1   | Reached XP level 14. HP: 32/72 MP: 1/21
 33923 | Lair:2   | Reached skill level 5 in Bows
 35093 | Lair:3   | Reached skill level 16 in Dodging
 35768 | Lair:3   | Got a shadowed robe
 35792 | Lair:3   | Identified the cursed +0 robe of Absolutism {rN+ Int+2 Dex+7} (You found it on level 3 of the Lair of Beasts)
 36630 | Lair:4   | Noticed Rupert
 36973 | Lair:3   | Reached skill level 10 in Short Blades
 37676 | Lair:4   | Reached skill level 15 in Stealth
 37676 | Lair:4   | Reached skill level 5 in Spellcasting
 37676 | Lair:4   | Reached XP level 15. HP: 75/75 MP: 21/24
 37683 | Lair:4   | Learned a level 5 spell: Venom Bolt
 37786 | Lair:4   | Paralysed by Rupert for 2 turns
 37829 | Lair:4   | Killed Rupert
 38613 | Lair:5   | Found a dark tunnel.
 38622 | Volcano  | Entered a volcano
 38678 | Volcano  | Found a bloodstained altar of Trog.
 38925 | Volcano  | Got a warped lajatang
 38926 | Volcano  | Identified the +5 lajatang of the Unspeakable One {slice, +Fly rC++ rN+ MP-9} (You found it in a volcano)
 39257 | Lair:5   | Offered knowledge of Iskenderun's Battlesphere by Vehumet.
 41220 | Lair:6   | Found a staircase to the Swamp.
 41415 | Lair:6   | Found a staircase to the Snake Pit.
 41602 | Lair:6   | Learned a level 4 spell: Iskenderun's Mystic Blast
 41622 | Lair:6   | Found a viscous altar of Jiyva.
 41622 | Lair:6   | Found a staircase to the Slime Pits.
 43808 | Lair:7   | Offered knowledge of Ozocubu's Refrigeration by Vehumet.
 44533 | Lair:7   | Reached ****** piety under Vehumet
 44916 | Lair:8   | Entered Level 8 of the Lair of Beasts
 45585 | Lair:7   | Reached XP level 16. HP: 80/80 MP: 8/27
 46651 | Lair:8   | Offered knowledge of Bolt of Cold by Vehumet.
 47240 | Lair:7   | Reached skill level 17 in Dodging
 48213 | Lair:8   | Found a runed door.
 49960 | Lair:8   | Offered knowledge of Poisonous Cloud by Vehumet.
 50354 | Snake:1  | Entered Level 1 of the Snake Pit
 50354 | Snake:1  | Noticed Donald
 50629 | Lair:7   | Learned a level 5 spell: Bolt of Draining
 50790 | Lair:6   | Reached skill level 5 in Necromancy
 51010 | Lair:6   | Killed Donald
 52562 | D:8      | Killed Gastronok
 53227 | D:14     | Bought a +5 iron rod (10/10) for 1200 gold pieces
 55571 | D:15     | Reached skill level 10 in Spellcasting
 56661 | D:15     | Offered knowledge of Bolt of Fire by Vehumet.
 57083 | Depths:1 | Entered Level 1 of the Depths
 57126 | Depths:1 | Reached skill level 18 in Dodging
 57174 | Depths:1 | Found a large runed door.
 57174 | Depths:1 | Found a large runed door.
 57207 | Depths:1 | Found a gateway to Hell.
 57271 | Depths:1 | Found a one-way gate to the infinite horrors of the Abyss.
 57323 | Depths:1 | Found a one-way gate leading to the halls of Pandemonium.
 57637 | Depths:1 | Noticed Nikola
 57647 | Depths:1 | Killed Nikola
 58250 | Depths:1 | Found Gusin's Jewellery Emporium.
 58459 | Depths:1 | Paralysed by a great orb of eyes for 2 turns
 58948 | Depths:1 | Reached XP level 17. HP: 85/85 MP: 9/32
 59079 | Depths:1 | Learned a level 5 spell: Dispel Undead
 59966 | Depths:1 | Found Busk's Antique Weapon Shop.
 59986 | Depths:1 | Bought a pitted dagger for 294 gold pieces
 59986 | Depths:1 | Identified the cursed +2 dagger of Fundamental Breach {pierce, rN++ Int+2} (You bought it in a shop on level 1 of the Depths)
 61467 | Depths:1 | Found Ycoschown's Armour Boutique.
 61501 | Depths:1 | Demolished by a titanic slime creature

Skill      XL: |  1  2  3  4  5  6  7  8  9 10 11 12 13 14 15 16 17 |
---------------+----------------------------------------------------+-----
Stealth        | 6 7 8 9 10 11 12 13 15 16 17 | 17.4
Dodging        | 2 3 4 5 7 9 10 12 14 15 16 18 | 18.3
Throwing       | 3 4 5 7 8 10 11 | 11.2
Fighting       | 2 3 4 5 6 7 8 |  8.0
Short Blades   | 3 4 5 7 8 9 10 | 10.9
Evocations     | 1 2 |  2.4
Spellcasting   | 2 4 5 7 10 12 | 12.0
Poison Magic   | 3 5 6 7 8 9 |  9.4
Conjurations   | 1 3 |  3.7
Necromancy     | 1 3 4 5 6 |  6.0
Hexes          | 4 6 7 |  7.0
Translocations | 5 6 7 |  7.0
Bows           | 4 5 |  5.0
Shields        | 2 |  2.1
Fire Magic     | |  0.1
Air Magic      | |  0.5
Earth Magic    | |  0.8

Action                   |  1- 3 |  4- 6 |  7- 9 | 10-12 | 13-15 | 16-18 || total
-------------------------+-------+-------+-------+-------+-------+-------++-------
Melee: Dagger            |    91 |   170 |   464 |   297 |     1 |    24 ||  1047
       Rapier            |       |       |   398 |  1173 |  1682 |  1891 ||  5144
       Long sword        |       |       |       |       |   350 |   346 ||   696
       Mace              |       |       |       |       |     6 |       ||     6
 Fire: Blowgun           |    79 |    37 |    19 |   356 |   414 |   282 ||  1187
       Shortbow          |       |       |       |       |   187 |       ||   187
Throw: Stone             |       |    33 |   358 |   446 |    16 |       ||   853
       Throwing net      |       |     1 |       |       |       |       ||     1
 Cast: Sting             |       |       |    39 |   185 |   491 |   137 ||   852
       Pain              |       |       |    11 |    50 |   121 |    87 ||   269
       Animate Skeleton  |       |       |     2 |     1 |       |       ||     3
       Mephitic Cloud    |       |       |       |    12 |    88 |    64 ||   164
       Sandblast         |       |       |       |     6 |    16 |       ||    22
       Cure Poison       |       |       |       |     4 |    10 |     3 ||    17
       Inner Flame       |       |       |       |     9 |     9 |     1 ||    19
       Vampiric Draining |       |       |       |       |    17 |    24 ||    41
       Blink             |       |       |       |       |     4 |     3 ||     7
       Freeze            |       |       |       |       |     1 |     8 ||     9
       Teleport Other    |       |       |       |       |     1 |       ||     1
       Venom Bolt        |       |       |       |       |    41 |   110 ||   151
       Iskenderun's Myst |       |       |       |       |    21 |    24 ||    45
       Bolt of Draining  |       |       |       |       |       |     2 ||     2
       Dispel Undead     |       |       |       |       |       |    24 ||    24
Evoke: Wand              |       |       |    20 |    24 |    41 |    29 ||   114
       Stone of tremors  |       |       |       |     1 |     1 |     1 ||     3
       Rod               |       |       |       |       |       |     5 ||     5
       Deck              |       |       |       |       |       |     4 ||     4
       Sack of spiders   |       |       |       |       |       |     1 ||     1
       Phantom mirror    |       |       |       |       |       |     1 ||     1
  Use: Scroll            |     2 |    11 |     5 |    17 |    27 |    10 ||    72
       Potion            |       |     2 |       |     8 |    13 |     5 ||    28
 Stab: Sleeping          |     5 |     8 |    19 |     7 |    41 |     9 ||    89
       Distracted        |       |     1 |     4 |       |    12 |    22 ||    39
       Invisible         |       |       |       |     9 |       |       ||     9
       Confused          |       |       |       |       |    13 |    16 ||    29
  Eat: Fruit             |       |     1 |     1 |     3 |     9 |     8 ||    22
       Bread ration      |       |       |     2 |       |     6 |     9 ||    17
       Pizza             |       |       |     1 |     8 |     3 |     1 ||    13
       Royal jelly       |       |       |       |       |     1 |       ||     1
Armor: Robe              |    20 |    12 |    63 |   118 |    58 |    84 ||   355
Dodge: Dodged            |    86 |    97 |   707 |  1541 |  1511 |  1654 ||  5596
Block: Buckler           |       |       |       |       |   460 |   609 ||  1069
